 Dungeon Crawl Stone Soup version 0.17-a0-1442-g10bb59b (webtiles) character file.

66 urechis the Chiller (level 4, 0/32 HPs)
             Began as a Merfolk Ice Elementalist on June 27, 2015.
             Slain by a gnoll
             ... wielding a +0 flail
              (2 damage)
             ... on level 2 of the Dungeon.
             The game lasted 00:05:22 (1695 turns).

urechis the Chiller (Merfolk Ice Elementalist)      Turns: 1695, Time: 00:05:22

Health: 0/32       AC:  2    Str:  9    XL:     4   Next: 15%
Magic:  7/7        EV: 13    Int: 14    God:
Gold:   89         SH:  0    Dex: 14    Spells: 2 memorised, 3 levels left

rFire  . . .     SeeInvis .     b - +2 dagger (drain)
rCold  . . .     Clarity  .     m - +0 robe
rNeg   . . .     SustAt   .     (no shield)
rPois  .         Gourm    .     (no helmet)
rElec  .         Spirit   .     (no cloak)
rCorr  .         Warding  .     (no gloves)
rMut   .         Stasis   .     (no boots)
MR     .....                    (no amulet)
Stlth  ++........               (no ring)
                                (no ring)

@: lethally poisoned (0 -> -3), not resistant to hostile enchantments,
unstealthy
A: change form in water, swift swim
a: no special abilities


You were on level 2 of the Dungeon.
You were not hungry.

You visited 1 branch of the dungeon, and saw 2 of its levels.

You collected 89 gold pieces.

Inventory:

Hand weapons
 a - a +0 spear
 b - a +2 dagger of draining (weapon)
Armour
 m - a +0 robe (worn)
Jewellery
 j - an uncursed ring of stealth {unknown}
Magical devices
 l - a wand of slowing (18)
Scrolls
 d - a scroll of enchant weapon {unknown}
 e - 2 scrolls of remove curse {unknown}
 f - 4 scrolls of identify {unknown}
 i - 2 scrolls of enchant armour {unknown}
 k - a scroll of recharging {unknown}
 n - a scroll of magic mapping {unknown}
Potions
 o - a potion of curing {unknown}
Books
 g - a book of Frost

   Spells                             Type                      Level
   a - Freeze                         Ice                          1
   b - Throw Frost                    Conjuration/Ice              2
   c - Ozocubu's Armour               Charms/Ice                   3
   d - Throw Icicle                   Conjuration/Ice              4
   e - Summon Ice Beast               Ice/Summoning                4
   f - Condensation Shield            Ice                          4
Comestibles
 c - 4 bread rations
 h - 3 fruits
 p - a chunk of flesh


   Skills:
 + Level 1.5 Fighting
 * Level 1.5 Polearms
 + Level 3.5 Dodging
 - Level 2.1 Stealth
 - Level 2.0 Spellcasting
   Level 0.7 Conjurations
 + Level 4.3 Ice Magic


You had 3 spell levels left.
You knew the following spells:

 Your Spells              Type           Power        Failure   Level  Hunger
a - Freeze                Ice            ##..         4%          1    ##.....
b - Ozocubu's Armour      Chrm/Ice       #.......     30%         3    ####...


Dungeon Overview and Level Annotations

Branches:
Dungeon (2/15)

Altars:

Annotations:
D:2 Sigmund


Message History

The gnoll barely misses you.
The gnoll throws a throwing net.
The throwing net hits you.
You become entangled in the net!
You see here a throwing net.
You try to slip out of the net.
The adder bites you but does no damage. The gnoll barely misses you.
The adder bites you.
You are poisoned.
The adder poisons you!
You struggle against the net.
You feel sick. The adder bites you. The gnoll barely misses you.
You struggle against the net.
The gnoll hits you from afar with an enchanted halberd!
* * * LOW HITPOINT WARNING * * *
The adder bites you.
* * * LOW HITPOINT WARNING * * *
You slip out of the net!
* * * LOW HITPOINT WARNING * * *
You feel sick. The adder completely misses you.
The gnoll hits you with a flail.
You die...

########### #....#....#
#......##'## #....###8.8##
#†.(.##.....##
#...##8.....8## #####
#..##.(..@.g..## #..%.
#..#8....Sg...8#### #....
#..+...........'..####....
#..#8.........8#..........
##'##.........##..........
#.###8.....8##........###
#.####.....####.......###
#>...##8.8##..'..........
####.######'##..##.)...g..##


You could see 2 gnolls and an adder.

Vanquished Creatures
  4 gnolls (D:2)
  A giant gecko (D:1)
  3 bats (D:1)
  2 giant cockroaches (D:1)
  4 hobgoblins
  2 giant newts
  6 goblins
  2 kobolds (D:1)
  7 rats
31 creatures vanquished.

Notes
Turn   | Place    | Note
--------------------------------------------------------------
     0 | D:1      | urechis the Merfolk Ice Elementalist began the quest for the Orb.
     0 | D:1      | Reached XP level 1. HP: 13/13 MP: 3/3
   443 | D:1      | Reached XP level 2. HP: 12/20 MP: 1/5
  1044 | D:2      | Noticed Sigmund
  1093 | D:2      | Reached skill level 1 in Fighting
  1093 | D:2      | Reached skill level 4 in Ice Magic
  1093 | D:2      | Reached XP level 3. HP: 7/26 MP: 1/6
  1305 | D:2      | Learned a level 3 spell: Ozocubu's Armour
  1594 | D:2      | Reached skill level 1 in Polearms
  1651 | D:2      | Reached XP level 4. HP: 13/32 MP: 7/7
  1695 | D:2      | Slain by a gnoll

Vault maps used:
D:1:      lemuel_arrival_river_bridge, minivault_26
D:2:      dk_noncrumbling_4, uniq_sigmund

Action                   |  1- 3 |  4- 6 || total
-------------------------+-------+-------++-------
Melee: Unarmed           |    56 |       ||    56
       Dagger            |    37 |     2 ||    39
       Spear             |     4 |       ||     4
 Cast: Freeze            |    20 |       ||    20
 Stab: Distracted        |     2 |       ||     2
       Sleeping          |     1 |       ||     1
  Eat: Chunk             |     3 |       ||     3
